 Dungeon Crawl Stone Soup version 0.31.0-32-g396128a36d (webtiles) character file.

Game seed: 8619145887940968638

107 TacoSundae the Slasher (level 4, 0/33 HPs)
             Began as a Demonspawn Gladiator on Apr 7, 2024.
             Slain by a sleepcap (16 damage)
             ... on level 2 of the Dungeon.
             The game lasted 00:03:59 (1453 turns).

TacoSundae the Slasher (Demonspawn Gladiator)       Turns: 1453, Time: 00:03:59

Health: 0/33       AC:  4    Str: 16    XL:     4   Next: 57%
Magic:  4/4        EV:  2    Int:  9    God:
Gold:   91         SH:  0    Dex: 14    Spells: 3/3 levels left

rFire   . . .        a - +0 long sword
rCold   . . .        (no shield)
rNeg    . . .        b - +0 leather armour
rPois   .            c - +0 helmet
rElec   .            (no cloak)
rCorr   .            (no gloves)
SInv    .            (no boots)
Will    .....        (no amulet)
Stlth   +            (no ring)
HPRegen 0.25/turn    (no ring)
MPRegen 0.09/turn

%: no passive effects
@: sleeping
A: demonic guardian 1
a: no special abilities


You were on level 2 of the Dungeon.
You visited 1 branch of the dungeon, and saw 2 of its levels.

You collected 91 gold pieces.

Inventory:

Hand Weapons
 a - a +0 long sword (weapon)
Missiles
 d - 3 throwing nets (quivered)
 e - a javelin
Armour
 b - a +0 leather armour (worn)
 c - a +0 helmet (worn)
Scrolls
 f - a scroll of teleportation {unknown}
 h - a scroll of blinking {unknown}
 i - a scroll of amnesia {unknown}
 k - a scroll of immolation {unknown}
 l - 2 scrolls of vulnerability {unknown}
 m - a scroll of noise {unknown}
Potions
 g - a potion of mutation {unknown}
 j - a potion of curing {unknown}


   Skills:
 - Level 2.0 Fighting
 * Level 4.9 Long Blades
 - Level 1.7 Throwing
 - Level 2.6 Dodging


You had 3 spell levels left.
You didn't know any spells.
Your spell library was empty.

Dungeon Overview and Level Annotations

Branches:
Dungeon (2/15)

Altars:


Innate Abilities, Weirdness & Mutations

A weak demonic guardian rushes to your aid.


Message History

You closely miss the jackal. The jackal barely misses you. x2
You slash the jackal!
You kill the jackal!
You closely miss the jackal. The jackal barely misses you. x2
You hit the jackal.
The jackal is heavily wounded.
The jackal closely misses you.
You slash the jackal!
You kill the jackal!
Unknown command.
Unknown command.
Found an escape hatch in the floor.
You now have 91 gold pieces (gained 17).
A sleepcap comes into view.
You swing at nothing.
You swing at nothing.
The sleepcap releases spores at you!
You are engulfed in a cloud of soporific spores!
You fall asleep.
The sleepcap releases spores at you.
You wake up.
You are engulfed in a cloud of soporific spores!
You are unaffected.
You hit the sleepcap.
The sleepcap is lightly damaged.
The sleepcap releases spores at you but does no damage.
You hit the sleepcap.
The sleepcap is moderately damaged.
The sleepcap barely misses you.
You hit the sleepcap but do no damage.
The sleepcap is moderately damaged.
The sleepcap releases spores at you.
You slash the sleepcap!
The sleepcap is heavily damaged.
The sleepcap releases spores at you.
You hit the sleepcap but do no damage.
The sleepcap is heavily damaged.
The sleepcap releases spores at you.
You are engulfed in a cloud of soporific spores!
You fall asleep.
The sleepcap releases spores at you!
You die...

#. #.. ### #. ... ..# #. #.#
... .. #.# #.# #.# #.# #.# #.#
#.# ### #.# # #f#####.## #.#
.# #@.....#.# #†# #.#
#######.## #)###<.# #.#
.†.....#### #.# ..#.......##
###.####### #...#####..##
######..........
....#####†..###.......#.#####.
†#.#.#.#.#..............#
.............##.#.#######


You could see a sleepcap.

Vanquished Creatures
  A gnoll (D:1)
  3 adders (D:2)
  4 dart slugs
  4 bats
  4 endoplasms (D:1)
  2 giant cockroaches (D:1)
  11 goblins
  A hobgoblin (D:1)
  7 jackals (D:2)
  3 quokkas
  3 ball pythons
  2 frilled lizards
  3 kobolds (D:1)
  4 rats
52 creatures vanquished.

Vanquished Creatures (collateral kills)
  An endoplasm (D:2)
  2 kobolds
  A bat (D:2)
4 creatures vanquished.

Grand Total: 56 creatures vanquished

Notes
Turn   | Place    | Note
-------+----------+-------------------------------------------
     0 | D:1      | TacoSundae the Demonspawn Gladiator began the quest for the
                  | Orb.
     0 | D:1      | Reached XP level 1. HP: 16/16 MP: 1/1
    98 | D:1      | Reached skill level 3 in Long Blades
   170 | D:1      | Gained mutation: A weak demonic guardian rushes to your
                  | aid. [demonic ancestry]
   170 | D:1      | Reached XP level 2. HP: 22/22 MP: 2/2
   337 | D:1      | Found a faded altar of an unknown god.
   509 | D:1      | Reached XP level 3. HP: 27/27 MP: 3/3
   523 | D:1      | Reached skill level 4 in Long Blades
  1132 | D:2      | Reached XP level 4. HP: 26/33 MP: 4/4
  1453 | D:2      | Slain by a sleepcap

Illustrated notes

Levels and vault maps discovered:
D:1:      dpeg_arrival_prison, layout_basic, ebering_ecumenical_altar_hall,
          dreamdust_princess_bridge, nicolae_houndstooth_variations
D:2:      layout_loops_ring, st_stairs_11, nicolae_grassy_gnolls

Skill      XL: |  1  2  3 |
---------------+----------+-----
Long Blades    | 3 4 |  4.9
Fighting       | |  2.0
Throwing       | |  1.7
Dodging        | |  2.6

Action                     |  1- 3 |  4- 6 || total
---------------------------+-------+-------++-------
  Melee: Long sword        |    94 |    55 ||   149
 Armour: Leather armour    |    56 |    34 ||    90
  Dodge: Dodged            |    70 |    39 ||   109
